 Dungeon Crawl Stone Soup version 0.27.1-33-g824d729ab1 (webtiles) character file.

Game seed: 8950482930630081609

107 Atelerd the Digger (level 4, -3/27 HPs)
             Began as an Octopode Earth Elementalist on Dec 26, 2021.
             Slain by a scorpion (9 damage)
             ... on level 4 of the Dungeon.
             The game lasted 00:04:58 (3581 turns).

Atelerd the Digger (Octopode Earth Elementalist)    Turns: 3581, Time: 00:04:59

Health: -3/27      AC:  1    Str:  7    XL:     4   Next: 85%
Magic:  1/8        EV: 13    Int: 18    God:
Gold:   56         SH:  0    Dex: 12    Spells: 4/9 levels left

rFire    . . .     SeeInvis .   l - +2 dagger (venom)
rCold    + . .     Faith    .   (no shield)
rNeg     . . .     Spirit   .   (helmet restricted)
rPois    .         Reflect  .   (no amulet)
rElec    .         Harm     .   k - ring of protection from cold
rCorr    .         Rampage  .   (no ring)
Will     .....                  (no ring)
Stlth    +++.......             (no ring)
HPRegen  0.09/turn              (no ring)
MPRegen  0.11/turn              (no ring)
                                (no ring)
                                (no ring)

@: studying Unarmed Combat
A: almost no armour, amphibious, 8 rings, camouflage 1, gelatinous body 1,
(nimble swimmer 1), tentacles
a: no special abilities


You were on level 4 of the Dungeon.
You visited 1 branch of the dungeon, and saw 4 of its levels.

You collected 146 gold pieces.
You spent 90 gold pieces at shops.

Inventory:

Hand Weapons
 l - a +2 dagger of venom (weapon)
Missiles
 b - 83 stones
Jewellery
 d - an amulet of guardian spirit
 k - a ring of protection from cold (left tentacle)
Scrolls
 e - 2 scrolls of magic mapping
 g - a scroll of fear
 h - a scroll of noise
 i - a scroll of fog
Potions
 a - a potion of lignification {unknown}
 c - a potion of ambrosia {unknown}
 f - a potion of curing
 j - a potion of might {unknown}


   Skills:
 - Level 2.0 Dodging
 * Level 3.2 Stealth
 + Level 3.0 Spellcasting
 + Level 2.5 Transmutations
 + Level 3.8 Earth Magic


You had 4 spell levels left.
You knew the following spells:

 Your Spells              Type           Power      Damage    Failure   Level
a - Sandblast             Erth           32%        2d9       3%          1
p - Petrify               Tmut/Erth      14%        N/A       41%         4

Your spell library contained the following spells:

 Spells                   Type           Power      Damage    Failure   Level
 Passwall                 Tmut/Erth      11%        N/A       7%          2
 Stone Arrow              Conj/Erth      18%        3d8       22%         3


Dungeon Overview and Level Annotations

Branches:
Dungeon (4/15)
 Temple: D:4-7

Altars:

Shops:
D:1 *=

Annotations:
D:3 1 runed translucent door, Crazy Yiuf


Innate Abilities, Weirdness & Mutations

You cannot wear most types of armour.
You are amphibious.
You can wear up to eight rings at the same time.
Your skin changes colour to match your surroundings (Stealth+).
Your rubbery body absorbs attacks. (AC +1, EV +1)
((You are camouflaged near water. (Stealth+)))
You have tentacles for arms and can constrict up to eight enemies at once.


Message History

Unknown command.
Casting: Sandblast (safe; 3% risk of failure)
Confirm with . or Enter, or press ? or * to list all spells.
You can't see any susceptible monsters within range! (Use Z to cast anyway.) Unknown command.
You aren't carrying any items that you can evoke.
Casting: Sandblast (safe; 3% risk of failure)
Confirm with . or Enter, or press ? or * to list all spells.
Aiming: Sandblast (safe; 3% risk of failure)
Press: ? - help, Shift-Dir - straight line, f - scorpion
Aim: a scorpion (79% to hit)
The blast of sand hits the scorpion.
The scorpion is moderately wounded.
Unknown command.
Casting: Sandblast (safe; 3% risk of failure)
Confirm with . or Enter, or press ? or * to list all spells.
Aiming: Sandblast (safe; 3% risk of failure)
Press: ? - help, Shift-Dir - straight line, f/p - scorpion
Aim: a scorpion (moderately wounded, 79% to hit)
The blast of sand misses the scorpion.
Casting: Sandblast (safe; 3% risk of failure)
Confirm with . or Enter, or press ? or * to list all spells.
Aiming: Sandblast (safe; 3% risk of failure)
Press: ? - help, Shift-Dir - straight line, f/p - scorpion
Aim: a scorpion (moderately wounded, 79% to hit)
The blast of sand hits the scorpion.
The scorpion is severely wounded.
The scorpion closely misses you. The scorpion stings you!
* * * LOW HITPOINT WARNING * * *
Your magical contamination has completely faded away.
Unknown command.
Casting: Sandblast (safe; 3% risk of failure)
Confirm with . or Enter, or press ? or * to list all spells.
Aiming: Sandblast (safe; 3% risk of failure)
Press: ? - help, Shift-Dir - straight line, f/p - scorpion
Aim: a scorpion (severely wounded, 79% to hit)
The blast of sand hits the scorpion but does no damage.
The scorpion is severely wounded.
The scorpion stings you!
You die...

..............
.............##
..............#
..............## #
...............#########
........>.............##
........†...........<..)
.......@................
......s.................
...............#####...#
........)......# #####
..............## #
.............## #
............## #
..........### # #


You could see a scorpion.

Vanquished Creatures
  4 adders
  2 ufetubi
  A worm (D:2)
  A dart slug (D:3)
  An orc (D:3)
  5 endoplasms
  2 giant cockroaches
  2 goblins (D:1)
  9 hobgoblins
  5 kobolds
  3 quokkas (D:1)
  4 ball pythons
  5 bats
  2 frilled lizards
  A quokka skeleton (D:4)
  6 rats
53 creatures vanquished.

Notes
Turn   | Place    | Note
-------+----------+-------------------------------------------
     0 | D:1      | Atelerd the Octopode Earth Elementalist began the quest for
                  | the Orb.
     0 | D:1      | Reached XP level 1. HP: 11/11 MP: 3/3
   358 | D:1      | Reached XP level 2. HP: 10/17 MP: 0/5
   866 | D:1      | Found Arevvush's General Store.
   923 | D:1      | Found Xeqifror's Jewellery Shop.
  1199 | D:1      | Reached XP level 3. HP: 17/21 MP: 4/6
  1836 | D:1      | Bought a potion of curing for 39 gold pieces
  1836 | D:1      | Bought a scroll of fear for 45 gold pieces
  1967 | D:2      | Reached XP level 4. HP: 27/27 MP: 4/8
  2099 | D:2      | Found a faded altar of an unknown god.
  2523 | D:1      | Bought 5 stones for 6 gold pieces
  2882 | D:3      | Found a runed translucent door.
  2883 | D:3      | Noticed Crazy Yiuf
  3453 | D:4      | Learned a level 4 spell: Petrify
  3529 | D:4      | Noticed a sky beast
  3574 | D:4      | Noticed a scorpion
  3581 | D:4      | Slain by a scorpion

Illustrated notes

Levels and vault maps discovered:
D:1:      tarquinn_simple_flora_water_f, layout_loops_ring, serial_shops, shop,
          shop
D:2:      layout_loops_corners, shapermc_ecumenical_altar_pompeii, minmay_tall_x
D:3:      layout_basic, uniq_crazy_yiuf_cottage
D:4:      layout_layer_cave, amcnicky_altar_gilded, trog_hazing_becter,
          guppyfry_early_lair_pool

Skill      XL: |  1  2  3  4 |
---------------+-------------+-----
Transmutations | 2 |  2.5
Stealth        | 3 |  3.2
Spellcasting   | 3 |  3.0
Dodging        | |  2.0
Earth Magic    | |  3.8

Action                   |  1- 3 |  4- 6 || total
-------------------------+-------+-------++-------
Melee: Unarmed           |    13 |    12 ||    25
       Constrict         |     5 |     7 ||    12
       Tentacles         |     3 |     2 ||     5
       Dagger            |       |     7 ||     7
 Cast: Sandblast         |    40 |    22 ||    62
       Petrify           |       |     1 ||     1
  Use: Scroll            |       |     3 ||     3
 Stab: Sleeping          |       |     3 ||     3
Armor: Skin              |     5 |     1 ||     6
Dodge: Dodged            |    37 |    20 ||    57
